AoeStats
← perpetualsigh

Arabia

509594169Analyzed
1v1 RM · 4d ago on Sep 27, 2026· 30m 52s· 2 players
Game mode
Random Map
Map size
Tiny (2 player)
Population
200
Speed
Normal
Resources
Standard
Victory
Conquest
Starting age
Dark Age
Ending age
Imperial Age
RankedLock teamsTeams togetherTeam positionsShared explorationLock speedFull tech treeHidden civsTurbo modeCheats
Victory
Defeat
🇹🇷 Byzantines · Türkiye
842
+17
🇬🇧 Varangians · United Kingdom
856
-39
✪ Unsatisfied
6:29 Loom
9:27 Feudal Age
12:52 Double-Bit Axe
20:18 Castle Age
18:21 Horse Collar
18:43 Gold Mining
20:29 Scale Barding Armor
20:35 Forging
21:15 Husbandry
23:30 Bow Saw
25:32 Wheelbarrow
26:22 Chain Barding Armor
28:05 Iron Casting
29:30 Fletching
30:33 Stone Mining
perpetualsigh
5:39 Loom
9:30 Feudal Age
11:01 Double-Bit Axe
19:20 Wheelbarrow
18:56 Horse Collar
23:13 Castle Age
22:37 Fletching
22:48 Padded Archer Armor
26:30 Bodkin Arrow
27:00 Leather Archer Armor
27:48 Pikeman
28:30 Scale Mail Armor
28:41 Forging
Connection lost

Rejoining the realm…

Still unreachable

The connection could not be restored.

Session expired

The server has moved on; the page needs a fresh start.